 Dungeon Crawl Stone Soup version 0.19-a0-1673-g1c1b307 (webtiles) character file.

366 Jojapa the Magician (level 6, 0/32 HPs)
             Began as a Deep Elf Wizard on Sept 22, 2016.
             Was an Initiate of Vehumet.
             Succumbed to a worker ant's poison
             ... on level 4 of the Dungeon.
             The game lasted 00:05:17 (3806 turns).

Jojapa the Magician (Deep Elf Wizard)               Turns: 3806, Time: 00:05:17

Health: 0/32       AC:  3    Str:  4    XL:     6   Next: 40%
Magic:  18/18      EV: 13    Int: 25    God:    Vehumet [......]
Gold:   194        SH:  0    Dex: 13    Spells: 5 memorised, 9 levels left

rFire  + . .     SeeInvis .     (no weapon)
rCold  . . .     Gourm    .     a - +0 robe
rNeg   . . .     Faith    .     (no shield)
rPois  .         Spirit   .     v - +0 helmet
rElec  .         Dismiss  .     (no cloak)
rCorr  +         Reflect  .     (no gloves)
MR     .....     Harm     .     (no boots)
Stlth  +.........               (no amulet)
                                p - ring of resist corrosion
                                h - ring of loudness (curse)

@: lethally poisoned (0 -> -6)
A: blurry vision 1, fire resistance 1, MP-powered wands
a: Renounce Religion


You were on level 4 of the Dungeon.
You worshipped Vehumet.
Vehumet was noncommittal.
You were hungry.

You visited 1 branch of the dungeon, and saw 4 of its levels.

You collected 194 gold pieces.

Inventory:

Hand Weapons
 u - a +2 vampiric whip
Armour
 a - a +0 robe (worn)
 b - a +0 hat
 v - a +0 helmet (worn)
Jewellery
 h - a cursed ring of loudness (left hand)
 p - a ring of resist corrosion (right hand)
Scrolls
 g - 3 scrolls of identify {unknown}
 i - a scroll of immolation {unknown}
 k - a scroll of blinking {unknown}
 l - a scroll of fog {unknown}
 o - 2 scrolls of remove curse {unknown}
 r - a scroll of amnesia {unknown}
 s - a scroll of magic mapping {unknown}
 t - 2 scrolls of teleportation {unknown}
 w - 3 scrolls of enchant weapon {unknown}
Potions
 e - a potion of curing {unknown}
 j - a potion of magic {unknown}
 m - a potion of agility {unknown}
 n - a potion of brilliance {unknown}
 q - 2 potions of mutation
Books
 c - a book of Minor Magic

   Spells                             Type                      Level
   a - Magic Dart                     Conjuration                  1
   b - Blink                          Translocation                2
   c - Call Imp                       Summoning                    2
   d - Repel Missiles                 Charms/Air                   2
   e - Slow                           Hexes                        2
   f - Conjure Flame                  Conjuration/Fire             3
   g - Mephitic Cloud                 Conjuration/Poison/Air       3
Comestibles
 d - 3 bread rations
 f - 2 beef jerkies


   Skills:
 - Level 2.4 Dodging
 - Level 2.4 Stealth
 + Level 7.5 Spellcasting
 + Level 5.1 Conjurations
   Level 1.1 Summonings
 - Level 1.1 Translocations


You had 9 spell levels left.
You knew the following spells:

 Your Spells              Type           Power        Failure   Level  Hunger
a - Magic Dart            Conj           ####         1%          1    None
b - Blink                 Tloc           N/A          10%         2    None
c - Repel Missiles        Chrm/Air       #.....       12%         2    None
d - Mephitic Cloud        Conj/Pois/Air  ###.....     12%         3    None
e - Conjure Flame         Conj/Fire      ###.....     10%         3    None


Dungeon Overview and Level Annotations

Branches:
Dungeon (4/15)
 Temple: D:4-7

Altars:
Vehumet

Annotations:
D:2 Terence
D:4 Blork the orc


Innate Abilities, Weirdness & Mutations

Scrolls take you a little longer to read.
Your flesh is heat resistant. (rF+)
You expend magic power (3 MP) to strengthen your wands.


Message History

You are feeling hungry.
Found a stone staircase leading down.
The worker ant waves its antennae.
The worker ant closely misses you.
Blork the orc screams, "I'll crush all your ribs!
One by one!"
The worker ant bites you.
* * * LOW HITPOINT WARNING * * *
You are lethally poisoned!
The worker ant poisons you!
* * * LOW HITPOINT WARNING * * *
You feel sick.
Found 13 gold pieces.
* * * LOW HITPOINT WARNING * * *
You feel sick.
Found a scroll labeled ZUICAXE CEUTZUCK.
There is a stone staircase leading down here.
It was a potion of mutation.
You feel extremely strange.
You feel resistant to heat.
Your vision blurs.
You feel your magical essence link to your wands.
You die...

.......O..#...
..........#..##.#
........#.#.$....
.......a..# ..#.#
........###.#.#.##
.......ol...#....#
########.####....#
#O#####...#
#..al.oa@.#
#########.# .# .#
?. ##


You could see Blork the orc, an ogre, an iguana and 2 worker ants.

Vanquished Creatures
  A hippogriff (D:3)
  A centaur skeleton (D:4)
  Ijyb (D:2)
  A gnoll (D:1)
  4 adders
  2 worms
  3 dart slugs
  5 leopard geckos
  5 orcs (D:3)
  12 bats
  4 giant cockroaches
  5 hobgoblins
  2 jackals (D:1)
  A ball python (D:1)
  6 frilled lizards
  4 goblins
  8 kobolds
  7 rats
72 creatures vanquished.

Notes
Turn   | Place    | Note
-------+----------+-------------------------------------------
     0 | D:1      | Jojapa the Deep Elf Wizard began the quest for the Orb.
     0 | D:1      | Reached XP level 1. HP: 10/10 MP: 7/7
   208 | D:1      | Reached XP level 2. HP: 15/15 MP: 4/9
   239 | D:1      | Reached skill level 5 in Spellcasting
   628 | D:1      | Reached XP level 3. HP: 19/19 MP: 6/11
  1003 | D:2      | Noticed Ijyb
  1009 | D:2      | Killed Ijyb
  1109 | D:1      | Reached XP level 4. HP: 24/24 MP: 4/13
  1113 | D:1      | Learned a level 2 spell: Blink
  1116 | D:1      | Learned a level 2 spell: Repel Missiles
  1120 | D:1      | Learned a level 3 spell: Mephitic Cloud
  1124 | D:1      | Learned a level 3 spell: Conjure Flame
  1489 | D:2      | Reached skill level 6 in Spellcasting
  1667 | D:2      | Noticed Terence
  2823 | D:3      | Noticed a hippogriff
  2836 | D:3      | Killed a hippogriff
  2836 | D:3      | Reached skill level 7 in Spellcasting
  2836 | D:3      | Reached XP level 5. HP: 18/28 MP: 4/16
  2836 | D:3      | Reached XP level 6. HP: 20/32 MP: 4/18
  3394 | D:3      | Reached skill level 5 in Conjurations
  3419 | D:3      | Found a radiant altar of Vehumet.
  3423 | D:3      | Became a worshipper of Vehumet
  3778 | D:4      | Noticed Blork the orc
  3805 | D:4      | HP: 1/32 [poisoned by a worker ant]
  3806 | D:4      | Gained mutation: Your flesh is heat resistant. (rF+) [potion of mutation]
  3806 | D:4      | Gained mutation: Scrolls take you a little longer to read. [potion of mutation]
  3806 | D:4      | Gained mutation: You expend magic power (3 MP) to strengthen your wands. [potion of mutation]
  3806 | D:4      | Succumbed to a worker ant's poison

Vault maps used:
D:1:      minmay_arrival_checkered_box
D:2:      uniq_iyjb, uniq_terence
D:3:      marbit_many_paths
D:4:      first_bread, uniq_sigmund, uniq_edmund, uniq_blork_the_orc

Skill      XL: |  1  2  3  4  5  6 |
---------------+-------------------+-----
Spellcasting   | 5 7 |  7.5
Conjurations   | 2 3 4 5 |  5.1
Dodging        | |  2.4
Stealth        | |  2.4
Summonings     | |  1.1
Translocations | |  1.1

Action                   |  1- 3 |  4- 6 || total
-------------------------+-------+-------++-------
 Cast: Magic Dart        |    80 |   104 ||   184
       Conjure Flame     |       |     2 ||     2
       Mephitic Cloud    |       |     2 ||     2
  Use: Potion            |       |     1 ||     1
  Eat: Chunk             |       |     8 ||     8
Armor: Robe              |     1 |       ||     1
Dodge: Dodged            |    14 |    17 ||    31
